 Dungeon Crawl Stone Soup version 0.25.0-9-g26727b6 (webtiles) character file.

Game seed: 5308157730504938068

267603 Helmschank the Warrior (level 19, -6/177 HPs)
             Began as a Minotaur Fighter on June 20, 2020.
             Was a High Priest of Okawaru.
             Killed from afar by a Tzitzimitl (56 damage)
             ... with a bolt of negative energy
             ... summoned by a deep elf demonologist
             ... on level 3 of the Elven Halls.
             The game lasted 04:11:30 (41058 turns).

Helmschank the Warrior (Minotaur Fighter)          Turns: 41058, Time: 04:11:30

Health: -6/177     AC: 32    Str: 35    XL:     19   Next: 35%
Magic:  29/29      EV: 14    Int:  5    God:    Okawaru [*****.]
Gold:   1130       SH: 17    Dex: 15    Spells: 16/18 levels left

rFire    + + .     SeeInvis +   b - +5 scimitar (holy)
rCold    + . .     Gourm    .   c - +0 kite shield
rNeg     . . .     Faith    .   G - +1 crystal plate armour
rPois    .         Spirit   .   K - +1 hat of Pragmatism {rF+ rCorr Str-4}
rElec    .         Reflect  .   x - scarf {rC+ rF+}
rCorr    +         Harm     .   E - +0 pair of gloves {Dex+3}
MR       +....                  o - +0 pair of boots "Ydweshar" {Str+6}
Stlth    ..........             w - amulet of regeneration
HPRegen  0.79/turn              s - +6 ring of strength
MPRegen  0.21/turn              H - ring of see invisible

@: mighty, heroism, drained
A: retaliatory headbutt, horns 2
}: 2/15 runes: serpentine, barnacled
a: Heroism, Finesse, Renounce Religion


You were on level 3 of the Elven Halls.
You worshipped Okawaru.
Okawaru was extremely pleased with you.
You were not hungry.

You visited 7 branches of the dungeon, and saw 35 of its levels.
You also visited: Sewer, Bailey and Volcano.

You collected 4032 gold pieces.
You spent 2902 gold pieces at shops.

Inventory:

Hand Weapons
 a - the +8 arc blade {discharge, rElec}
   (You found it on level 10 of the Dungeon)

   It insulates you from electricity.
 b - a +5 scimitar of holy wrath (weapon)
 e - the +8 short sword "Ultimatum" {freeze, rElec rN+}
   (You bought it in a shop on level 2 of the Orcish Mines)

   It has been specially enchanted to freeze those struck by it, causing extra
   injury to most foes and up to half again as much damage against particularly
   susceptible opponents.
   It can also slow down cold-blooded creatures.
   It insulates you from electricity.
   It protects you from negative energy.
 W - a +5 vampiric long sword
Missiles
 L - 10 boomerangs (quivered)
 O - 824 stones
 P - 13 javelins
 Q - 20 curare-tipped darts
 Y - 7 silver boomerangs
 Z - 35 silver javelins
Armour
 c - a +0 kite shield (worn)
 o - the +0 pair of boots "Ydweshar" (worn) {Str+6}
   (Okawaru gifted it to you on level 1 of the Lair of Beasts)

   It affects your strength (+6).
 x - a scarf of resistance (worn)
 E - a +0 pair of gloves of dexterity (worn)
 G - a +1 crystal plate armour (worn)
 K - the +1 hat of Pragmatism (worn) {rF+ rCorr Str-4}
   (Okawaru gifted it to you on level 2 of the Orcish Mines)

   It affects your strength (-4).
   It protects you from fire.
   It provides partial protection from all sources of acid and corrosion.
 S - a +1 plate armour of cold resistance
Jewellery
 g - an uncursed ring of poison resistance
 l - an uncursed ring of positive energy
 r - an uncursed ring of magical power
 s - a +6 ring of strength (left hand)
 u - an uncursed ring of protection from magic
 w - an amulet of regeneration (around neck)
 y - an uncursed amulet of reflection
 H - a ring of see invisible (right hand)
 I - an uncursed ring of protection from fire
 R - an uncursed ring of flight
Wands
 p - a wand of disintegration (17)
 z - a wand of digging (4)
 F - a wand of clouds (10)
 T - a wand of acid (11)
 U - a wand of iceblast (6)
Scrolls
 h - 9 scrolls of teleportation
 i - a scroll of fear
 n - 12 scrolls of identify
 q - 17 scrolls of remove curse
 t - 5 scrolls of magic mapping
 v - 4 scrolls of fog
 A - a scroll of blinking
 X - 2 scrolls of silence
Potions
 d - 10 potions of might
 j - 13 potions of heal wounds
 k - 15 potions of curing
 B - 6 potions of mutation
 C - 2 potions of magic
 D - a potion of berserk rage
 J - 2 potions of resistance
 M - 9 potions of haste
 V - 3 potions of flight
Miscellaneous
 N - a tin of tremorstones (3/3)
Comestibles
 f - 49 rations


   Skills:
 + Level 17.4(21.2) Fighting
 - Level 10.8(17.8) Short Blades
 - Level 15.6(20.7) Long Blades
   Level 3.0(7.0) Maces & Flails
 - Level 12.0(15.8) Throwing
 - Level 16.0(19.7) Armour
 - Level 7.0(10.9) Dodging
 - Level 0.1(4.3) Stealth
 - Level 15.0(18.8) Shields
 - Level 15.0(13.9) Invocations
 - Level 7.0(6.1) Evocations


You had 16 spell levels left.
You knew the following spells:

 Your Spells              Type           Power        Failure   Level  Hunger
b - Blink                 Tloc           N/A          99%         2    ###....

Your spell library contained the following spells:

 Spells                   Type           Power        Failure   Level  Hunger
 Animate Skeleton         Necr           N/A          99%         1    ##.....
 Apportation              Tloc           #.....       99%         1    ##.....
 Corona                   Hex            #......      99%         1    ##.....
 Foxfire                  Conj/Fire      #...         99%         1    ##.....
 Magic Dart               Conj           #...         99%         1    ##.....
 Sandblast                Erth           #.....       99%         1    ##.....
 Sting                    Tmut/Pois      #...         99%         1    ##.....
 Summon Small Mammal      Summ           #...         99%         1    ##.....
 Call Imp                 Summ           #.......     99%         2    ###....
 Passwall                 Tmut/Erth      #.......     99%         2    ###....
 Poisonous Vapours        Pois/Air       #.....       99%         2    ###....
 Shroud of Golubria       Chrm/Tloc      #.....       99%         2    ###....
 Slow                     Hex            #.......     99%         2    ###....
 Swiftness                Chrm/Air       #.......     99%         2    ###....
 Conjure Flame            Conj/Fire      #.......     100%        3    ####...
 Gell's Gravitas          Tloc           #.........   100%        3    ####...
 Ignite Poison            Fire/Tmut/Pois #.......     100%        3    ####...
 Inner Flame              Hex/Fire       #.......     100%        3    ####...
 Lesser Beckoning         Tloc           #.........   100%        3    ####...
 Mephitic Cloud           Conj/Pois/Air  #.......     100%        3    ####...
 Static Discharge         Conj/Air       #.......     100%        3    ####...
 Stone Arrow              Conj/Erth      #.....       100%        3    ####...
 Teleport Other           Tloc           #.......     100%        3    ####...
 Cause Fear               Hex            #.........   100%        4    #####..
 Olgreb's Toxic Radiance  Pois           #.......     100%        4    #####..
 Passage of Golubria      Tloc           N/A          100%        4    #####..
 Petrify                  Tmut/Erth      #.......     100%        4    #####..
 Sticky Flame             Conj/Fire      #.......     100%        4    #####..
 Fireball                 Conj/Fire      #.........   100%        5    ######.
 Lee's Rapid Deconstruct  Erth           #.........   100%        5    ######.
 Lightning Bolt           Conj/Air       #.........   100%        5    ######.
 Silence                  Hex/Air        #.........   100%        5    ######.
 Yara's Violent Unravell  Hex/Tmut       #.........   100%        5    ######.
 Freezing Cloud           Conj/Ice/Air   #.........   100%        6    #######
 Ring of Flames           Chrm/Fire      #.........   100%        7    #######
 Discord                  Hex            #.........   100%        8    #######


Dungeon Overview and Level Annotations

Branches:
Dungeon (15/15)            Temple (1/1) D:5            Lair (6/6) D:11
 Shoals (4/4) Lair:3        Snake (4/4) Lair:2        Slime (0/5) Lair:6
    Orc (2/2) D:10            Elf (3/3) Orc:2        Vaults (0/5) D:14
 Depths (0/5) D:15          Sewer (visited)          Bailey (visited)
Volcano (visited)

Altars:
Ashenzari
Cheibriados
Dithmenos
Elyvilon
Fedhas
Gozag
Hepliaklqana
Kikubaaqudgha
Makhleb
Nemelex Xobeh
Okawaru
Qazlal
Ru
Sif Muna
Trog
Uskayaw
Vehumet
Wu Jian
Xom
Yredelemnul
Zin
The Shining One
Beogh
Jiyva
Lugonu

Shops:
D:4 (   D:10 :   D:13 %   Orc:2 (*(=   Elf:1 [!?((   Elf:2 [   Snake:4 !

Annotations:
Shoals:4 1 runed translucent door
Elf:2 2 transporters, Kyerol's ghost, adept TeSu


Innate Abilities, Weirdness & Mutations

You reflexively headbutt those who attack you in melee.
You have a pair of horns on your head.


Message History

Some walls begin to move on their own!
You closely miss the Tzitzimitl. Your headbutt misses the Tzitzimitl.
The Tzitzimitl is severely wounded.
You hit the Tzitzimitl but do no damage.
The Tzitzimitl is severely wounded.
Your hands slow down.
The deep elf elementalist casts a spell at you.
Some walls begin to move on their own!
You block the Tzitzimitl's attack. The Tzitzimitl completely misses you.
You slash the Tzitzimitl!
The Tzitzimitl convulses!
The Tzitzimitl is almost dead.
The deep elf high priest calls down the wrath of its god upon you.
Something smites you!
* * * LOW HITPOINT WARNING * * *
You take 10 damage, and have 50/177 hp.
You closely miss the Tzitzimitl. Your headbutt misses the Tzitzimitl.
The Tzitzimitl is almost dead.
The Tzitzimitl gestures at you. The bolt of negative energy hits you!!!
You feel drained.
You die...

##.## ##.##
### ##.##
##.###.##
##...#'##
##.....##
##.....E.##
#....P(((E#
##....))@.#
##..))1E.###
##(.)Ee...#
##.E)eE))# .
####E.))# ..
#.EEE## ...
##.e..# 1...
(.(.# 1....
#.)##E.....


You could see a Tzitzimitl (summoned), a deep elf elementalist (fast, repels
missiles), a deep elf demonologist, a deep elf high priest, 9 earth elementals,
a water elemental and a +4 short sword of venom.

Vanquished Creatures
  Nikola (Snake:3)
  2 deep elf blademasters (Elf:3)
  2 deep elf master archers (Elf:3)
  Kirke (Lair:6)
  Polyphemus (Shoals:2)
  9 nagarajas
  2 frost giants
  3 deep elf sorcerers (Elf:3)
  A deep elf elementalist (Elf:3)
  Aizul (Snake:1)
  2 stone giants
  4 deep elf demonologists (Elf:3)
  Azrael (Elf:1)
  6 deep elf annihilators
  5 deep elf death magi (Elf:3)
  A merfolk javelineer (Shoals:4)
  A deep elf high priest (Elf:3)
  Snorg (Lair:3)
  A fire dragon (Lair:6)
  A yaktaur captain (D:10)
  7 merfolk impalers (Shoals:4)
  13 naga warriors
  3 alligator snapping turtles
  A vault guard (D:14)
  9 hydras
  A catoblepas (Shoals:2)
  5 merfolk aquamancers
  5 two-headed ogres
  2 satyrs
  An ogre mage (D:15)
  4 anacondas
  3 centaur warriors
  27 dancing weapons
  5 death yaks
  A tengu warrior (D:14)
  5 orc high priests
  17 naga sharpshooters
  A shock serpent (shapeshifter) (D:15)
  11 deep elf knights
  A small abomination (Elf:3)
  Nergalle (Lair:4)
  A salamander mystic (Snake:3)
  A fire crab (D:10)
  12 sea snakes
  8 deep elf archers
  2 unseen horrors
  A glowing orange brain (D:15)
  10 naga ritualists
  2 lindwurms (Lair:6)
  2 wizards (Elf:1)
  9 harpies
  6 orc knights
  11 mana vipers
  An oklob plant (Orc:2)
  4 orc sorcerers
  4 ugly things
  55 deep elf magi
  4 fauns
  A salamander (shapeshifter) (Elf:2)
  10 salamanders
  6 cyclopes
  13 manticores
  25 naga magi
  5 molten gargoyles
  Maurice (D:12)
  4 merfolk sirens
  14 spiny frogs
  5 water nymphs
  2 guardian serpents (Snake:3)
  10 elephants
  28 black mambas
  A centaur skeleton (D:11)
  3 gargoyles
  11 komodo dragons
  A yaktaur (D:14)
  2 kobold demonologists
  2 efreet
  A troll (shapeshifter) (D:14)
  4 wind drakes
  2 polar bears
  18 merfolk
  8 trolls
  A hornet (shapeshifter) (D:15)
  2 hornets
  13 hippogriffs
  A dream sheep (shapeshifter) (D:15)
  6 dream sheep
  Grinder (D:3)
  17 blink frogs
  3 slime creatures (D:15)
  7 snapping turtles
  A spriggan (shapeshifter) (D:15)
  11 water elementals
  A shadow (D:8)
  3 air elementals
  2 wraiths
  A spriggan (D:7)
  A vampire (D:14)
  3 wyverns
  5 fire elementals
  5 hogs (Lair:6)
  40 yaks
  2 fire bats (Volcano)
  3 steam dragons
  A hog (shapeshifter) (D:15)
  5 hungry ghosts
  5 vampire mosquitoes
  4 basilisks
  52 nagas
  A soldier ant (D:14)
  5 wargs
  An acid dragon (D:14)
  6 porcupines
  10 water moccasins
  9 hell hounds
  6 sky beasts
  A meliai simulacrum (D:14)
  2 ice beasts
  25 orc warriors
  2 black bears
  A boggart (Elf:1)
  5 necrophages
  9 wolves
  10 ogres
  5 phantoms
  13 centaurs
  13 crocodiles
  17 bullfrogs
  9 gnoll sergeants
  5 big kobolds
  7 earth elementals
  2 scorpions
  2 wyvern skeletons
  3 killer bees (D:11)
  7 howler monkeys
  8 crimson imps
  2 bullfrog zombies (D:12)
  10 lava snakes
  5 centaur zombies
  A quasit (D:7)
  A wyvern simulacrum (D:14)
  6 hounds
  25 orc priests
  6 gnoll shamans (Bailey)
  6 jellies
  2 bullfrog skeletons
  Crazy Yiuf (D:3)
  36 orc wizards
  Ijyb (D:3)
  Natasha (thrice) (D:4)
  Terence (D:3)
  4 iguanas
  16 hell rats
  8 worker ants
  8 ogre zombies (D:10)
  A hound zombie (D:10)
  3 hound skeletons
  A worker ant zombie (D:8)
  Robin (D:3)
  17 gnolls
  A howler monkey skeleton (D:4)
  13 adders
  12 river rats
  2 shadow imps (D:13)
  3 oozes
  2 adder skeletons
  2 worms
  2 dart slugs
  5 leopard geckos
  84 orcs
  6 ball pythons
  6 giant cockroaches
  16 goblins
  6 hobgoblins
  8 jackals
  36 kobolds
  3 quokkas
  6 bats
  5 frilled lizards
  2 goblin skeletons (D:10)
  2 goblin zombies (D:10)
  2 hobgoblin skeletons (D:10)
  3 hobgoblin zombies (D:10)
  A jackal zombie (D:7)
  A leopard gecko skeleton (D:5)
  4 orc skeletons (D:10)
  12 orc zombies (D:10)
  A quokka zombie (D:5)
  35 rats
  3 crawling corpses (Elf:3)
  3 fungi
  3 plants (Shoals:4)
1314 creatures vanquished.

Vanquished Creatures (collateral kills)
  A deep elf mage (D:12)
  A centaur (D:12)
  An orc wizard (D:12)
  An orc (D:12)
4 creatures vanquished.

Vanquished Creatures (others)
  A deep elf annihilator (Elf:3)
  An anaconda (Snake:3)
  A guardian serpent (Snake:3)
  6 fungi
  17 plants
26 creatures vanquished.

Grand Total: 1344 creatures vanquished

Notes
Turn   | Place    | Note
-------+----------+-------------------------------------------
     0 | D:1      | Helmschank the Minotaur Fighter began the quest for the
                  | Orb.
     0 | D:1      | Reached XP level 1. HP: 19/19 MP: 0/0
   226 | D:1      | Reached XP level 2. HP: 27/27 MP: 1/1
   292 | D:1      | Reached skill level 1 in Short Blades
   764 | D:2      | Reached XP level 3. HP: 33/33 MP: 2/2
   933 | D:2      | Reached skill level 4 in Fighting
  1258 | D:3      | Reached XP level 4. HP: 33/40 MP: 3/3
  1340 | D:3      | Reached skill level 1 in Throwing
  1459 | D:3      | Noticed an ogre
  1466 | D:3      | Killed an ogre
  1466 | D:3      | Reached XP level 5. HP: 22/46 MP: 4/4
  1752 | D:3      | Found a glowing drain.
  1783 | Sewer    | Entered a sewer
  1989 | Sewer    | Reached skill level 5 in Fighting
  1989 | Sewer    | Reached XP level 6. HP: 56/56 MP: 5/5
  2169 | Sewer    | Reached skill level 5 in Armour
  2502 | D:3      | Noticed Terence
  2502 | D:3      | Noticed Grinder
  2506 | D:3      | Paralysed by Grinder for 7 turns
  2518 | D:3      | Killed Grinder
  2518 | D:3      | Reached skill level 5 in Shields
  2518 | D:3      | Reached XP level 7. HP: 24/61 MP: 6/6
  2523 | D:3      | Killed Terence
  2762 | D:3      | Noticed Robin
  2771 | D:3      | Killed Robin
  3075 | D:3      | Noticed Ijyb
  3094 | D:3      | Killed Ijyb
  3279 | D:3      | Found a runed translucent door.
  3280 | D:3      | Noticed Crazy Yiuf
  3344 | D:3      | Killed Crazy Yiuf
  3344 | D:3      | Reached skill level 5 in Short Blades
  3478 | D:4      | Noticed Natasha
  3482 | D:4      | Killed Natasha
  3504 | D:4      | Noticed Natasha
  3513 | D:4      | Killed Natasha
  3522 | D:4      | Reached skill level 6 in Fighting
  3535 | D:4      | Noticed Natasha
  3569 | D:4      | Killed Natasha
  3860 | D:4      | Reached XP level 8. HP: 69/70 MP: 7/7
  3986 | D:4      | Reached skill level 1 in Long Blades
  4007 | D:4      | Found Egirree's Antique Weapon Shoppe.
  4283 | D:5      | Entered Level 5 of the Dungeon
  4888 | D:5      | Found a staircase to the Ecumenical Temple.
  4947 | Temple   | Entered the Ecumenical Temple
  5063 | Temple   | Became a worshipper of Warmaster Okawaru
  5123 | D:5      | Reached skill level 7 in Fighting
  5482 | D:6      | Found a hazy altar of Hepliaklqana.
  5599 | D:6      | Found a white marble altar of Elyvilon.
  5995 | D:6      | Reached skill level 1 in Invocations
  6055 | D:6      | Reached * piety under Okawaru
  6055 | D:6      | Reached XP level 9. HP: 79/79 MP: 9/9
  6366 | D:6      | Reached skill level 1 in Evocations
  6527 | D:7      | Reached skill level 5 in Long Blades
  7162 | D:8      | Found an iron altar of Okawaru.
  7265 | D:8      | Reached skill level 8 in Fighting
  7325 | D:8      | Found a snail-covered altar of Cheibriados.
  7384 | D:8      | Reached ** piety under Okawaru
  7657 | D:8      | Found a flagged portal.
  7666 | Bailey   | Entered a bailey
  7890 | Bailey   | Got a warped ruby amulet
  7895 | Bailey   | Identified the amulet "Tapiroc" {Inacc rElec rF+ Str+4
                  | Dex-3} (You found it in a bailey)
  7980 | Bailey   | Reached XP level 10. HP: 88/88 MP: 11/11
  7981 | Bailey   | Reached *** piety under Okawaru
  8268 | D:8      | Got a bloodstained short sword
  8269 | D:8      | Identified the +2 short sword "Newt's Bane" {vorpal, rElec
                  | rPois Dex-5} (You found it on level 8 of the Dungeon)
  8950 | D:9      | Found a stormy altar of Qazlal.
  8954 | D:9      | Found an ornate altar of the Wu Jian Council.
  8955 | D:9      | Found a sparkling altar of Nemelex Xobeh.
  8956 | D:9      | Found a glowing silver altar of Zin.
  8956 | D:9      | Found a bloodstained altar of Trog.
  8957 | D:9      | Found an ancient bone altar of Kikubaaqudgha.
  8958 | D:9      | Found a burning altar of Makhleb.
  8960 | D:9      | Found a shattered altar of Ashenzari.
  9317 | D:9      | Reached **** piety under Okawaru
  9344 | D:9      | Received a gift from Okawaru
  9854 | D:10     | Entered Level 10 of the Dungeon
  9902 | D:10     | Reached skill level 9 in Fighting
  9915 | D:10     | Killed an unseen horror
 10041 | D:10     | Received a gift from Okawaru
 10056 | D:10     | Found a staircase to the Orcish Mines.
 10275 | D:10     | Reached ***** piety under Okawaru
 10331 | D:10     | Reached skill level 5 in Throwing
 10442 | D:10     | Noticed a yaktaur captain
 10452 | D:10     | Killed a yaktaur captain
 10452 | D:10     | Received a gift from Okawaru
 10452 | D:10     | Received a gift from Okawaru
 10452 | D:10     | Reached skill level 5 in Invocations
 10452 | D:10     | Reached XP level 11. HP: 95/97 MP: 12/14
 10478 | D:10     | Got a bloodstained buckler
 10489 | D:10     | Identified the +1 buckler of the Final Artists {*Drain rF-
                  | Str+8 Dex+4} (You found it on level 10 of the Dungeon)
 10599 | D:10     | Noticed a frost giant
 10612 | D:10     | Killed a frost giant
 10612 | D:10     | Reached skill level 10 in Long Blades
 10816 | D:10     | Found the +8 arc blade {discharge, rElec}
 10997 | D:10     | Noticed a fire crab
 11011 | D:10     | Killed a fire crab
 11011 | D:10     | Received a gift from Okawaru
 11142 | D:10     | Noticed an orc knight
 11146 | D:10     | Killed an orc knight
 11146 | D:10     | Reached skill level 10 in Fighting
 11294 | D:10     | Found Vuicinyo's Book Shoppe.
 11420 | D:11     | Reached skill level 10 in Armour
 11543 | D:11     | Reached skill level 5 in Dodging
 11589 | D:11     | Found a staircase to the Lair.
 11610 | D:11     | Noticed a two-headed ogre
 11618 | D:11     | Killed a two-headed ogre
 11637 | D:11     | Noticed a five-headed hydra
 11643 | D:11     | Killed a five-headed hydra
 11643 | D:11     | Received a gift from Okawaru
 11643 | D:11     | Reached XP level 12. HP: 105/106 MP: 14/16
 11952 | D:11     | Found an ancient bone altar of Kikubaaqudgha.
 12185 | Orc:1    | Entered Level 1 of the Orcish Mines
 12291 | Orc:1    | Noticed an orc high priest
 12303 | Orc:1    | Killed an orc high priest
 12303 | Orc:1    | Reached ****** piety under Okawaru
 13082 | Orc:2    | Entered Level 2 of the Orcish Mines
 13293 | Orc:2    | Found a roughly hewn altar of Beogh.
 13382 | Orc:1    | Found a bloodstained altar of Trog.
 14042 | Orc:2    | Noticed a stone giant
 14058 | Orc:2    | Killed a stone giant
 14301 | Orc:2    | Found a staircase to the Elven Halls.
 14451 | Orc:2    | Received a gift from Okawaru
 14451 | Orc:2    | Noticed an orc high priest
 14452 | Orc:2    | Got a warped hat {god gift}
 14454 | Orc:2    | Reached skill level 11 in Fighting
 14466 | Orc:2    | Killed an orc high priest
 14482 | Orc:2    | Identified the +1 hat of Pragmatism {rF+ rCorr Str-4}
                  | (Okawaru gifted it to you on level 2 of the Orcish Mines)
 14483 | Orc:2    | Noticed an orc high priest
 14493 | Orc:2    | Killed an orc high priest
 14604 | Orc:2    | Noticed an orc high priest
 14618 | Orc:2    | Killed an orc high priest
 14754 | Orc:2    | Reached skill level 10 in Shields
 14754 | Orc:2    | Reached XP level 13. HP: 103/116 MP: 18/18
 14814 | Orc:2    | Found Atofenao's Antique Weapon Shop.
 14814 | Orc:2    | Found Assugap's Assorted Antiques.
 14818 | Orc:2    | Found Imneag's Antique Weapon Shop.
 14818 | Orc:2    | Found Avabedo's Jewellery Shoppe.
 14838 | Orc:2    | Bought an uncursed ring of poison resistance for 260 gold
                  | pieces
 14841 | Orc:2    | Bought an uncursed ring of protection from fire for 325
                  | gold pieces
 14846 | Orc:2    | Bought a masterwork short sword for 264 gold pieces
 14846 | Orc:2    | Identified the +8 short sword "Ultimatum" {freeze, rElec
                  | rN+} (You bought it in a shop on level 2 of the Orcish
                  | Mines)
 15052 | Lair:1   | Entered Level 1 of the Lair of Beasts
 15086 | Lair:1   | Found a dark tunnel.
 15112 | Volcano  | Entered a volcano
 15414 | Volcano  | Found a burning altar of Makhleb.
 15541 | Volcano  | Noticed a stone giant
 15552 | Volcano  | Killed a stone giant
 16129 | Lair:1   | Received a gift from Okawaru
 16130 | Lair:1   | Got a pair of faintly humming boots {god gift}
 16141 | Lair:1   | Identified the +0 pair of boots "Ydweshar" {Str+6} (Okawaru
                  | gifted it to you on level 1 of the Lair of Beasts)
 17002 | Lair:2   | Reached skill level 10 in Invocations
 17203 | Lair:2   | Reached skill level 5 in Evocations
 17230 | Lair:2   | Found a staircase to the Snake Pit.
 17772 | Lair:3   | Noticed Snorg
 17782 | Lair:3   | Killed Snorg
 18193 | Lair:3   | Received a gift from Okawaru
 18372 | Lair:3   | Found a staircase to the Shoals.
 18553 | Lair:3   | Received a gift from Okawaru
 18913 | Lair:4   | Received a gift from Okawaru
 19073 | Lair:4   | Noticed Nergalle
 19089 | Lair:4   | Killed Nergalle
 19373 | Lair:4   | Reached XP level 14. HP: 125/125 MP: 20/20
 19534 | Lair:5   | Received a gift from Okawaru
 19574 | Lair:5   | Reached skill level 12 in Fighting
 19764 | Lair:5   | Received a gift from Okawaru
 20068 | Lair:6   | Entered Level 6 of the Lair of Beasts
 20152 | Lair:6   | Noticed Kirke
 20461 | Lair:6   | Received a gift from Okawaru
 20591 | Lair:6   | Killed Kirke
 20864 | Lair:6   | Received a gift from Okawaru
 20908 | Lair:6   | Found a viscous altar of Jiyva.
 20909 | Lair:6   | Found a staircase to the Slime Pits.
 21064 | Lair:6   | Reached skill level 15 in Long Blades
 21812 | Lair:6   | Found a large runed translucent door.
 21813 | Lair:6   | Found a large runed translucent door.
 22363 | D:12     | Found the +9 sword of Zonguldrok {reap}
 22531 | D:12     | Received a gift from Okawaru
 22548 | D:12     | Got a shimmering battleaxe {god gift}
 22549 | D:12     | Identified the +5 battleaxe "Uquax" {speed, Fragile rPois
                  | rF+++ rC-} (Okawaru gifted it to you on level 12 of the
                  | Dungeon)
 22711 | D:12     | Identified the cursed +0 morningstar of Ulougoda {vorpal,
                  | Dex+7} (You found it on level 12 of the Dungeon)
 22743 | D:12     | Reached XP level 15. HP: 132/132 MP: 22/22
 23570 | D:12     | Noticed Maurice
 23576 | D:12     | Killed Maurice
 23840 | D:13     | Received a gift from Okawaru
 24094 | D:13     | Found Zuuliemp's Food Boutique.
 24879 | D:14     | Reached skill level 13 in Fighting
 25030 | D:14     | Found a glowing golden altar of the Shining One.
 25567 | D:14     | Received a gift from Okawaru
 25712 | D:14     | Reached skill level 10 in Short Blades
 25750 | D:14     | Found a gate to the Vaults.
 25806 | D:15     | Entered Level 15 of the Dungeon
 26374 | D:15     | Found a stormy altar of Qazlal.
 26488 | D:15     | Found a staircase to the Depths.
 26889 | Snake:1  | Entered Level 1 of the Snake Pit
 26978 | Snake:1  | Noticed Aizul
 26999 | Snake:1  | Reached skill level 14 in Fighting
 27015 | Snake:1  | Killed Aizul
 27529 | Snake:1  | Received a gift from Okawaru
 27726 | Snake:2  | Noticed a nagaraja
 27740 | Snake:1  | Killed a nagaraja
 27740 | Snake:1  | Reached XP level 16. HP: 142/146 MP: 23/23
 27959 | Snake:2  | Received a gift from Okawaru
 28397 | Snake:3  | Received a gift from Okawaru
 28546 | Snake:3  | Noticed Nikola
 28566 | Snake:3  | Killed Nikola
 28619 | Snake:3  | Received a gift from Okawaru
 29027 | Snake:3  | Identified the Reference Book on Harmful Enhancements
 29575 | Snake:4  | Entered Level 4 of the Snake Pit
 29591 | Snake:4  | Found Yxa Oss's Distillery.
 29601 | Snake:4  | Reached skill level 15 in Fighting
 29614 | Snake:4  | Bought a potion of resistance for 140 gold pieces
 29614 | Snake:4  | Bought a potion of heal wounds for 70 gold pieces
 29614 | Snake:4  | Bought a potion of haste for 140 gold pieces
 29614 | Snake:4  | Bought a potion of heal wounds for 70 gold pieces
 29614 | Snake:4  | Bought a potion of mutation for 112 gold pieces
 29614 | Snake:4  | Bought a potion of curing for 42 gold pieces
 29614 | Snake:4  | Bought a potion of curing for 42 gold pieces
 29614 | Snake:4  | Bought 2 potions of curing for 84 gold pieces
 29927 | Snake:4  | Received a gift from Okawaru
 30407 | Snake:4  | Reached XP level 17. HP: 156/156 MP: 25/25
 30502 | Snake:4  | Reached skill level 10 in Throwing
 31681 | Snake:4  | Got a serpentine rune of Zot
 31757 | Snake:4  | Received a gift from Okawaru
 32018 | Shoals:1 | Entered Level 1 of the Shoals
 33085 | Shoals:2 | Noticed Polyphemus
 33092 | Shoals:2 | Reached skill level 16 in Fighting
 33113 | Shoals:2 | Killed Polyphemus
 33854 | Shoals:3 | Reached skill level 15 in Armour
 34509 | Shoals:4 | Entered Level 4 of the Shoals
 34521 | Shoals:3 | Received a gift from Okawaru
 34741 | Shoals:4 | Received a gift from Okawaru
 35122 | Shoals:4 | Received a gift from Okawaru
 35487 | Shoals:4 | Reached XP level 18. HP: 144/166 MP: 19/26
 35645 | Shoals:4 | Got a barnacled rune of Zot
 35722 | Shoals:4 | Found a runed translucent door.
 36948 | Elf:1    | Entered Level 1 of the Elven Halls
 37138 | Elf:1    | Found Qioczobi's Weapon Shop.
 37141 | Elf:1    | Found Cifekam's Weapon Shoppe.
 37471 | Elf:1    | Learned a level 2 spell: Blink
 37498 | Elf:1    | Found Xagifuga's Distillery.
 37513 | Elf:1    | Received a gift from Okawaru
 37514 | Elf:1    | Got a shimmering rapier {god gift}
 37515 | Elf:1    | Identified the +4 rapier of Courage {elec, Int+5} (Okawaru
                  | gifted it to you on level 1 of the Elven Halls)
 37524 | Elf:1    | Bought a potion of might for 68 gold pieces
 37524 | Elf:1    | Bought a potion of curing for 51 gold pieces
 37524 | Elf:1    | Bought a potion of haste for 170 gold pieces
 37524 | Elf:1    | Bought a potion of curing for 51 gold pieces
 37524 | Elf:1    | Bought a potion of haste for 170 gold pieces
 37596 | Elf:1    | Identified the +0 chain mail of Pan-Flutes {rF+ rC+ Int+3}
                  | (You found it on level 1 of the Elven Halls)
 37667 | Elf:1    | Found Udypnopu's Armour Emporium.
 37693 | Elf:1    | Found Takenefu's Magic Scroll Emporium.
 37699 | Elf:1    | Bought a scroll of fear for 63 gold pieces
 37714 | Elf:1    | Noticed Azrael
 37725 | Elf:1    | Killed Azrael
 38110 | Elf:2    | Found a transporter.
 38115 | Elf:2    | Found a transporter.
 38118 | Elf:2    | Noticed Kyerol's ghost (adept TeSu)
 38743 | Elf:2    | Reached skill level 17 in Fighting
 38770 | Elf:2    | Found Jejaxem's Armour Boutique.
 38791 | Elf:2    | Received a gift from Okawaru
 38989 | Elf:2    | Found a huge runed translucent gate.
 38989 | Elf:2    | Found a huge runed translucent gate.
 38989 | Elf:2    | Found a huge runed translucent gate.
 38989 | Elf:2    | Found a huge runed translucent gate.
 38997 | Elf:2    | Found a huge runed translucent gate.
 39955 | Elf:3    | Entered Level 3 of the Elven Halls
 40068 | Elf:3    | Reached skill level 15 in Shields
 40190 | Orc:2    | Bought an uncursed amulet of regeneration for 390 gold
                  | pieces
 40190 | Orc:2    | Bought an uncursed amulet of reflection for 390 gold pieces
 40397 | Elf:3    | Received a gift from Okawaru
 40533 | Elf:3    | Reached XP level 19. HP: 164/177 MP: 24/28
 40645 | Elf:3    | Identified a ring of the Octopus King {MP+9 AC+1 EV+1 Str+1
                  | Int+1 Dex+1}
 40709 | Elf:3    | Identified the +3 dagger of Terra Cotta {flame, MR+++}
 40726 | Elf:3    | Received a gift from Okawaru
 40916 | Elf:3    | Identified the +3 ring mail "Istruezu" {MP+9}
 40948 | Elf:3    | Reached skill level 15 in Invocations
 41009 | Elf:3    | Noticed a Tzitzimitl
 41058 | Elf:3    | Killed from afar by a Tzitzimitl

Illustrated notes

Levels and vault maps discovered:
D:1:      lightli_arrival_statuegarden, layout_rooms
D:2:      layout_loops_cross, first_ration, minmay_small_reverse_x
D:3:      layout_basic, serial_rivers, chequers_serial_rivers_micro_a,
          chequers_serial_rivers_micro_c, chequers_serial_rivers_micro_c,
          chequers_serial_rivers_micro_c, portal_sewer_entry_a,
          uniq_crazy_yiuf_cottage, uniq_terence, uniq_ijyb, uniq_grinder,
          uniq_robin
D:4:      layout_gridville, serial_shops, shop, uniq_natasha
D:5:      layout_loops_ring, minmay_temple_entry_antechambers
D:6:      layout_layer_cave, old_standard_altar, elyvilon_altar_4
D:7:      layout_rooms, the_bakery
D:8:      layout_basic, kennysheep_mini_moat, enter_bailey_2, okawaru_trees_2
D:9:      layout_stronghold, minitemple
D:10:     minmay_chopped_fan, layout_irregular_city, zombieorc2_lemuel,
          serial_shops, nicolae_shop_behind_doors
D:11:     layout_rooms, erik_lair_orcish_takeover, basic_altar
D:12:     layout_loops_corners, elves_outpost_lemuel, uniq_maurice
D:13:     layout_basic, serial_shops, kennysheep_mini,
          kennysheep_generic_room_15
D:14:     layout_stronghold, david_vaults_5, tso_altar
D:15:     gammafunk_enter_depths_forms, layout_basic, basic_altar
Temple:   kb_corrupted_temple
Lair:1:   layout_regular_city, enter_volcano_2, minmay_hedge_maze
Lair:2:   layout_chaotic_city, guppyfry_snake_entry_island,
          nicolae_lair_grove_arrangements, roderic_carrion_pond
Lair:3:   layout_concentric_octagons, elwin_shoals_entry_rooms,
          infiniplex_staircase_pool_2, uniq_snorg
Lair:4:   layout_misc_corridors, serial_rivers, chequers_serial_rivers_large_b,
          chequers_serial_rivers_micro_c, chequers_serial_rivers_marsh,
          chequers_serial_rivers_micro_c, lookout_lair_type,
          kennysheep_abandoned_house, uniq_nergalle
Lair:5:   layout_roguey, st_stairs_11
Lair:6:   cheibrodos_lair_end_hotspot, layout_regular_city, slime_altar_1,
          lemuel_fruit_fields, uniq_kirke
Shoals:1: layout_shoals
Shoals:2: layout_shoals, uniq_polyphemus
Shoals:3: layout_shoals
Shoals:4: shoals_end_grunt_ice, layout_shoals, lightli_airlock
Snake:1:  layout_rooms, uniq_aizul
Snake:2:  layout_rooms
Snake:3:  layout_misc_corridors, serial_bayou_pond_b, serial_bayou_pond_c,
          uniq_nikola
Snake:4:  snake_pit, layout_misc_corridors, serial_shops, nicolae_shop_trees
Orc:1:    minmay_goldmine, layout_diamond_mine, trog_book
Orc:2:    grunt_orc_tribal_feast, layout_diamond_mine, basic_altar,
          mines3_lemuel
Elf:1:    elf_arrival_002, layout_onion_city, serial_shops, shop,
          nicolae_shop_behind_doors, nicolae_shop_waterfront, shop,
          shop_fountains, hangedman_elf_disciples,
          serial_sigils_hangedman_quiver, uniq_azrael
Elf:2:    layout_geoelf_octagon, gammafunk_ghost_berserking_beasts,
          serial_shops, shop
Elf:3:    grunt_elf_hall_spiral, layout_geoelf_octagon, hex_medium, uniq_louise

Skill      XL: |  1  2  3  4  5  6  7  8  9 10 11 12 13 14 15 16 17 18 19 |
---------------+----------------------------------------------------------+-----
Maces & Flails | 3 |  3.0
Short Blades   | 2 3 4 5 6 10 | 10.8
Fighting       | 4 5 6 7 8 9 10 11 12 14 15 16 17 | 17.4
Armour         | 4 5 6 7 8 9 10 11 12 13 14 15 16 | 16.0
Shields        | 4 5 6 7 8 9 10 11 13 14 15 | 15.0
Throwing       | 2 3 4 5 6 7 8 9 11 12 | 12.0
Dodging        | 2 3 4 5 6 7 |  7.0
Long Blades    | 4 7 9 10 12 14 15 | 15.6
Invocations    | 2 3 5 6 8 10 11 12 13 14 15 | 15.0
Evocations     | 1 2 3 4 5 6 7 |  7.0
Stealth        | |  0.1

Action                   |  1- 3 |  4- 6 |  7- 9 | 10-12 | 13-15 | 16-18 | 19-21 || total
-------------------------+-------+-------+-------+-------+-------+-------+-------++-------
Melee: Flail             |    18 |       |       |       |       |       |       ||    18
       Short sword       |    79 |   189 |   296 |       |    25 |       |       ||   589
       Headbutt          |    19 |    26 |    97 |   151 |   266 |   349 |    48 ||   956
       Dagger            |       |       |    15 |       |       |       |       ||    15
       Long sword        |       |       |   143 |   226 |    21 |    26 |       ||   416
       Rapier            |       |       |       |   279 |   711 |  1122 |   133 ||  2245
       Quick blade       |       |       |       |    52 |       |       |       ||    52
       Scimitar          |       |       |       |       |    50 |       |    16 ||    66
       Double sword      |       |       |       |       |    95 |       |       ||    95
       Unarmed           |       |       |       |       |     5 |       |       ||     5
Throw: Stone             |    32 |    27 |    70 |       |       |    18 |       ||   147
       Dart              |       |       |    67 |    44 |    20 |    15 |       ||   146
       Boomerang         |       |       |    49 |   188 |   461 |   578 |    43 ||  1319
       Javelin           |       |       |       |       |       |    47 |    11 ||    58
Invok: Heroism           |       |       |     1 |     2 |     1 |     2 |     2 ||     8
       Finesse           |       |       |       |       |     1 |     6 |     2 ||     9
Evoke: Wand              |       |       |       |     5 |     7 |    25 |       ||    37
       Lightning rod     |       |       |       |     1 |     2 |       |       ||     3
       Tin of tremorston |       |       |       |     1 |       |       |       ||     1
  Use: Potion            |       |     1 |       |       |     3 |     4 |     1 ||     9
       Scroll            |       |       |    15 |     4 |    16 |     7 |       ||    42
 Stab: Invisible         |       |       |       |       |       |     1 |       ||     1
       Petrifying        |       |       |       |       |       |     1 |       ||     1
  Eat: Chunk             |     1 |     5 |    18 |    19 |    31 |    30 |     2 ||   106
       Ration            |       |       |       |     2 |     3 |     3 |       ||     8
Armor: Scale mail        |    43 |     5 |       |       |       |       |       ||    48
       Chain mail        |       |    65 |   136 |       |       |       |       ||   201
       Crystal plate arm |       |       |    23 |   208 |   368 |   373 |    27 ||   999
       Plate armour      |       |       |       |    29 |     1 |       |       ||    30
Dodge: Dodged            |    22 |    33 |   113 |    75 |   178 |   229 |    21 ||   671
Block: Kite shield       |    43 |    67 |   196 |   271 |   408 |   606 |    46 ||  1637
       Rpst.: Long sword |       |       |     8 |    13 |     2 |       |       ||    23
       Double sword      |       |       |       |       |     6 |       |       ||     6
       Scimitar          |       |       |       |       |     3 |       |       ||     3
